 Dungeon Crawl Stone Soup version 0.25.1-2-g60ff931df9 (webtiles) character file.

Game seed: 4363586845613768966

1396 Acheron the Skirmisher (level 8, -2/48 HPs)
             Began as a Gargoyle Abyssal Knight on Sept 6, 2020.
             Was a Priest of Lugonu.
             Slain by a hippogriff (3 damage)
             ... on level 9 of the Dungeon.
             The game lasted 00:25:37 (5103 turns).

Acheron the Skirmisher (Gargoyle Abyssal Knight)    Turns: 5103, Time: 00:25:38

Health: -2/48      AC: 13    Str: 20    XL:     8   Next: 68%
Magic:  11/11      EV:  9    Int: 12    God:    Lugonu [***...]
Gold:   316        SH:  8    Dex: 11    Spells: 12/12 levels left

rFire    . . .     SeeInvis .   a - +3 hand axe
rCold    . . .     Gourm    .   y - +0 kite shield
rNeg     + . .     Faith    .   l - +0 ring mail
rPois    ∞         Spirit   .   j - +0 helmet
rElec    +         Reflect  .   (no cloak)
rCorr    .         Harm     .   A - +2 pair of gloves {Str+3}
MR       .....                  H - +0 pair of boots
Stlth    ++........             (no amulet)
HPRegen  0.16/turn              (no ring)
MPRegen  0.12/turn              (no ring)

@: mighty, corroded
A: negative energy resistance 1, electricity resistance, unbreathing,
petrification resistance, rot immunity, AC +5
a: Depart the Abyss, Bend Space, Banish, Renounce Religion


You were on level 9 of the Dungeon.
You worshipped Lugonu.
Lugonu was most pleased with you.
You were hungry.

You visited 1 branch of the dungeon, and saw 9 of its levels.
You visited the Abyss 1 time.

You collected 316 gold pieces.

Inventory:

Hand Weapons
 a - a +3 hand axe (weapon)
 i - a +0 war axe
 s - a +0 rapier
Missiles
 g - 2 curare-tipped darts
 h - 137 stones
 k - 10 poisoned darts
 q - 6 boomerangs (quivered)
 C - 23 sling bullets
Armour
 j - a +0 helmet (worn)
 l - a +0 ring mail (worn)
 y - a +0 kite shield (worn)
 A - a +2 pair of gloves of strength (worn)
 H - a +0 pair of boots (worn)
Jewellery
 m - an uncursed ring of fire
Wands
 t - a wand of iceblast (5)
 v - a wand of random effects (17)
 z - a wand of flame (14)
 G - a wand of polymorph (6)
Scrolls
 d - 9 scrolls of remove curse
 f - 3 scrolls of teleportation
 p - a scroll of enchant armour
 x - a scroll of magic mapping
 B - a scroll of amnesia
Potions
 b - a potion of degeneration {unknown}
 e - a potion of ambrosia
 n - a potion of berserk rage
 r - 2 potions of might
 u - a potion of flight
 w - a potion of mutation
 D - a potion of resistance {unknown}
 E - a potion of haste {unknown}
Comestibles
 c - 9 rations
 o - a chunk of flesh


   Skills:
 * Level 4.9 Fighting
 + Level 4.2 Axes
 * Level 2.5 Throwing
 * Level 4.5 Armour
 * Level 2.6 Dodging
 * Level 3.5 Stealth
 * Level 2.4 Shields
 * Level 2.5 Spellcasting
 * Level 3.8 Invocations
 * Level 2.2 Evocations


You had 12 spell levels left.
You didn't know any spells.
Your spell library was empty.

Dungeon Overview and Level Annotations

Branches:
Dungeon (9/15)
 Temple: D:4-7         Lair: D:8-11         Orc: D:9-12

Altars:
Nemelex Xobeh
Okawaru
Qazlal
Xom
Yredelemnul

Annotations:
D:6 exclusion: downstairs
D:7 Harold, Menkaure
D:8 exclusion: downstairs


Innate Abilities, Weirdness & Mutations

You are resistant to torment.
Your stone body is resilient. (AC +5)
You are immune to poison.
You resist negative energy. (rN+)
You are resistant to electric shocks. (rElec)
You can survive without breathing.
You are immune to petrification.
You are immune to rotting.


Message History

You feel very mighty all of a sudden.
The hippogriff bites you but does no damage.
The hippogriff pecks you.
* * * LOW HITPOINT WARNING * * *
You block the hippogriff's attack.
You slash the hippogriff!
The hippogriff is moderately wounded.
You hit the worker ant zombie. You block the hippogriff's attack.
The hippogriff barely misses you. You block the hippogriff's attack.
You block the worker ant zombie's attack.
You hit the hippogriff.
The hippogriff is moderately wounded.
You slash the worker ant zombie!
The worker ant zombie barely misses you.
The hippogriff bites you.
* * * LOW HITPOINT WARNING * * *
The hippogriff pecks you.
* * * LOW HITPOINT WARNING * * *
The hippogriff claws you.
You die...

.. %.
#...........##
..
#.............
.#
#.........?...
#.............
#...........##
#.............
#....H........
#.@Z......
###+##.... #


You could see a hippogriff and a worker ant zombie.

Vanquished Creatures
  A hippogriff (D:6)
  2 phantoms
  An ogre (D:5)
  3 bullfrogs
  3 scorpions
  A howler monkey (D:6)
  A crimson imp (D:6)
  A jelly (D:8)
  A bullfrog skeleton (D:6)
  2 centaur skeletons (D:5)
  3 hounds (D:8)
  2 orc priests (D:4)
  2 iguanas
  3 worker ants (D:4)
  7 adders
  A river rat (D:4)
  2 shadow imps
  2 oozes
  An adder zombie (D:5)
  An adder skeleton (D:6)
  3 worms
  A dart slug (D:2)
  7 leopard geckos
  6 orcs
  2 ball pythons
  7 bats
  7 giant cockroaches
  2 goblins (D:2)
  8 hobgoblins
  7 jackals
  A quokka (D:2)
  A ball python zombie (D:5)
  3 frilled lizards
  A jackal skeleton (D:4)
  2 kobolds
  A leopard gecko zombie (D:5)
  A quokka skeleton (D:6)
  5 rats
105 creatures vanquished.

Notes
Turn   | Place    | Note
-------+----------+-------------------------------------------
     0 | Abyss:1  | Acheron the Gargoyle Abyssal Knight began the quest for the
                  | Orb.
     0 | Abyss:1  | Reached XP level 1. HP: 14/14 MP: 2/2
    75 | Abyss:1  | Noticed an iron imp
    75 | Abyss:1  | Noticed a large abomination
    77 | Abyss:1  | Noticed a large abomination
    83 | Abyss:1  | Noticed a mana viper
    84 | Abyss:1  | Noticed a large abomination
    86 | D:1      | Escaped the Abyss
   211 | D:1      | Reached XP level 2. HP: 17/19 MP: 3/3
   323 | D:2      | Reached * piety under Lugonu
   382 | D:2      | Reached skill level 1 in Stealth
   382 | D:2      | Reached XP level 3. HP: 13/23 MP: 4/4
   645 | D:2      | Reached skill level 1 in Dodging
  1045 | D:3      | Reached XP level 4. HP: 27/29 MP: 5/5
  1192 | D:2      | You fall into a shaft and drop 2 floors!
  1221 | D:4      | Reached skill level 1 in Spellcasting
  1365 | D:4      | Reached skill level 1 in Throwing
  1365 | D:4      | Reached XP level 5. HP: 24/33 MP: 6/6
  2219 | D:4      | Found a shimmering altar of Xom.
  2284 | D:4      | Reached XP level 6. HP: 22/38 MP: 8/8
  2286 | D:4      | Reached ** piety under Lugonu
  2602 | D:5      | Entered Level 5 of the Dungeon
  3105 | D:5      | Reached skill level 1 in Shields
  3105 | D:5      | Reached XP level 7. HP: 43/43 MP: 9/9
  3280 | D:6      | Found a basalt altar of Yredelemnul.
  3402 | D:5      | Reached skill level 1 in Evocations
  3474 | D:7      | Noticed Menkaure
  3549 | D:6      | Noticed a hippogriff
  3695 | D:6      | Killed a hippogriff
  3715 | D:6      | Reached XP level 8. HP: 10/48 MP: 11/11
  4129 | D:6      | Found an iron altar of Okawaru.
  4303 | D:7      | Reached *** piety under Lugonu
  4386 | D:7      | Noticed Harold
  5067 | D:8      | Noticed a two-headed ogre
  5075 | D:8      | Found a stormy altar of Qazlal.
  5075 | D:8      | Found a sparkling altar of Nemelex Xobeh.
  5100 | D:9      | Noticed a hippogriff
  5103 | D:9      | HP: 1/48 [hippogriff (2)]
  5103 | D:9      | Slain by a hippogriff

Illustrated notes

Levels and vault maps discovered:
D:1:      mrwooster_arrival_arrow, layout_loops_cross, minmay_tetromino_t2
D:2:      layout_basic, lemuel_round_altar, first_ration
D:3:      layout_basic
D:4:      layout_loops_ring, lemuel_doored_altar, gup_sewer_entry_bubbles
D:5:      layout_loops_ring, minmay_temple_entry_ruins, serial_glass,
          glass_columns_b, glass_columns_a, led_sif_book,
          uniq_crazy_yiuf_cottage
D:6:      layout_loops_corners, okawaru_ov_weapons_minmay,
          yredelemnul_altar_generic
D:7:      layout_loops_cross, nicolae_tso_besieged_by_evil, uniq_joseph,
          uniq_harold, uniq_menkaure
D:8:      layout_loops_ring, kennysheep_mini, gammafunk_temple_overflow_wave
D:9:      layout_basic, gammafunk_temple_overflow_statue,
          lemuel_coloured_pillars_altar, serial_shops, nicolae_shop_waterfront,
          uniq_gastronok

Skill      XL: |  1  2  3  4  5  6  7  8 |
---------------+-------------------------+-----
Axes           | 2 3 4 |  4.2
Stealth        | 1 2 3 |  3.5
Dodging        | 1 2 |  2.6
Spellcasting   | 1 2 |  2.5
Throwing       | 1 2 |  2.5
Armour         | 3 4 |  4.5
Fighting       | 4 |  4.9
Shields        | 1 2 |  2.4
Invocations    | 3 |  3.8
Evocations     | 1 2 |  2.2

Action                   |  1- 3 |  4- 6 |  7- 9 || total
-------------------------+-------+-------+-------++-------
Melee: Hand axe          |   117 |   176 |   228 ||   521
Throw: Dart              |     2 |    12 |       ||    14
       Boomerang         |       |       |     1 ||     1
Invok: Depart the Abyss  |     1 |       |       ||     1
Evoke: Wand              |       |     1 |     1 ||     2
  Use: Potion            |     1 |       |     3 ||     4
       Scroll            |       |     7 |    12 ||    19
 Stab: Sleeping          |       |       |     2 ||     2
  Eat: Chunk             |       |     7 |     3 ||    10
       Ration            |       |       |     1 ||     1
Armor: Leather armour    |    22 |       |       ||    22
       Ring mail         |    35 |    60 |   133 ||   228
Dodge: Dodged            |    65 |   103 |   121 ||   289
Block: Kite shield       |       |       |    23 ||    23
